 Dungeon Crawl Stone Soup version 0.31-a0-150-g89dc3ad700 (webtiles) character file.

Game seed: 3175708991236479889

152 qw the Shooter (level 5, -7/46 HPs)
             Began as a Minotaur Hunter on June 8, 2023.
             Mangled by a gnoll
             ... wielding a +0 whip
              (10 damage)
             ... on level 3 of the Dungeon.
             The game lasted 00:00:52 (1720 turns).

qw the Shooter (Minotaur Hunter)                    Turns: 1720, Time: 00:00:53

Health: -7/46      AC:  3    Str: 15    XL:     5   Next: 11%
Magic:  4/4        EV: 12    Int:  6    God:
Gold:   138        SH:  5    Dex: 16    Spells: 4/4 levels left

rFire   . . .        Y - +0 shortbow
rCold   . . .        (shield currently unavailable)
rNeg    . . .        c - +0 leather armour
rPois   +            (helmet restricted)
rElec   .            (no cloak)
rCorr   .            (no gloves)
SInv    .            (no boots)
Will    .....        d - amulet of reflection
Stlth   +            e - ring of poison resistance
HPRegen 0.27/turn    (no ring)
MPRegen 0.09/turn

%: reflection
@: no status effects
A: horns 2, retaliatory headbutt
a: no special abilities


You were on level 3 of the Dungeon.
You visited 1 branch of the dungeon, and saw 3 of its levels.

You collected 138 gold pieces.


Innate Abilities, Weirdness & Mutations

You have a pair of horns on your head.
You reflexively headbutt those who attack you in melee.


   Skills:
 - Level 4.2 Fighting
 + Level 6.3 Ranged Weapons
 - Level 2.1 Dodging
 - Level 0.7 Stealth


You had 4 spell levels left.
You didn't know any spells.
Your spell library was empty.

Inventory:

Hand Weapons
 Y - a +0 shortbow (weapon)
Armour
 c - a +0 leather armour (worn)
Jewellery
 d - an amulet of reflection (around neck)
 e - a ring of poison resistance (left hand)
Scrolls
 a - a scroll of identify
 b - a scroll of amnesia {unknown}
Potions
 f - a potion of brilliance {unknown}
 g - a potion of resistance

Dungeon Overview and Level Annotations

Branches:
Dungeon (3/15)

Altars:


Message History

An orc comes into view. It is wielding a +0 dagger.
You shoot an arrow. The arrow hits the orc.
The orc is moderately wounded.
The gnoll hits you from afar with a +0 halberd of protection!
The orc hits you with a +0 dagger.
You shoot an arrow. The arrow closely misses the orc.
The arrow closely misses the gnoll.
The gnoll barely misses you. The orc hits you but does no damage.
You shoot an arrow. The arrow barely misses the orc.
The arrow closely misses the gnoll.
The arrow hits the gnoll.
The gnoll is moderately wounded.
You block the gnoll's attack.
You shoot an arrow. The arrow closely misses the gnoll.
The arrow closely misses the orc.
You block the gnoll's attack.
You shoot an arrow. The arrow barely misses the gnoll.
The arrow hits the orc but does no damage.
The orc is moderately wounded.
The gnoll closely misses you.
The gnoll hits you from afar with a +0 halberd of protection!
You shoot an arrow. The arrow hits the gnoll.
The gnoll is moderately wounded.
The gnoll hits you with a +0 whip. The gnoll barely misses you.
You shoot an arrow. The arrow barely misses the gnoll.
The arrow hits the orc but does no damage.
The orc is lightly wounded.
The gnoll closely misses you. The gnoll misses you.
You shoot an arrow. The arrow barely misses the gnoll.
The arrow hits the orc.
The orc is almost dead.
The gnoll closely misses you.
A rat comes into view.
You shoot an arrow. The arrow hits the gnoll!
The gnoll is severely wounded.
You block the gnoll's attack. The gnoll barely misses you.
The gnoll hits you with a +0 whip.
You shoot an arrow. The arrow closely misses the gnoll.
The gnoll barely misses you.
The gnoll hits you from afar with a +0 halberd of protection.
The gnoll hits you with a +0 whip!
You die... .......# . #........ ......#. #. ....>. #.....# #. ....# #.....# #. .og

#.....# #. #g##
#...).# #. #@g#
#..%..######.
#..###............
#...##.....###>...
#..............##.
##.#........######.
......##.##### #..
........#.## ###..
...)........# #...#
#...........######.###


You could see 3 gnolls and an orc.

Vanquished Creatures
  Natasha (thrice) (D:2)
  2 adders (D:2)
  A worm (D:2)
  2 ball pythons (D:1)
  6 bats
  6 endoplasms
  3 giant cockroaches
  3 goblins
  7 hobgoblins
  8 jackals
  2 quokkas (D:1)
  A frilled lizard (D:1)
  5 kobolds
  5 rats
54 creatures vanquished.

Notes
Turn   | Place    | Note
-------+----------+-------------------------------------------
     0 | D:1      | qw the Minotaur Hunter began the quest for the Orb.
     0 | D:1      | Reached XP level 1. HP: 18/18 MP: 0/0
     0 | D:1      | 0 ||| qw: Version: 0.2-a-119-g0488c42
     0 | D:1      | 0 ||| qw: Game counter: 2721
     0 | D:1      | 0 ||| qw: Always use a shield: true
     0 | D:1      | 0 ||| qw: God list: Okawaru
     0 | D:1      | 0 ||| qw: Allow faded altars: false
     0 | D:1      | 0 ||| qw: Do Orc after D:15 true
     0 | D:1      | 0 ||| qw: Do second Lair branch before Depths: true
     0 | D:1      | 0 ||| qw: Lair rune preference: random
     0 | D:1      | 0 ||| qw: Plans: Normal
     0 | D:1      | 0 ||| PLANNING D:1-11
    83 | D:1      | Reached XP level 2. HP: 25/25 MP: 1/1
   134 | D:1      | Reached skill level 5 in Ranged Weapons
   274 | D:1      | Reached skill level 3 in Fighting
   516 | D:1      | Reached XP level 3. HP: 31/31 MP: 2/2
   730 | D:1      | 730 ||| UPGRADING to amulet of reflection.
   735 | D:1      | 735 ||| UPGRADING to ring of poison resistance.
   736 | D:1      | 736 ||| READING scroll labelled DUF JOPPYHUIN.
   737 | D:1      | 737 ||| READING scroll labelled MUOLERUILL.
   738 | D:1      | 738 ||| READING scroll labelled FOWAXE VI HOKO.
   739 | D:1      | 739 ||| READING scroll labelled XOTWUX LEUGGIEGA.
   740 | D:1      | 740 ||| DROPPING scroll of butterflies.
   778 | D:2      | 778 ||| STAIRDANCE
   782 | D:2      | 782 ||| STAIRDANCE
   786 | D:2      | 786 ||| STAIRDANCE
   790 | D:2      | 790 ||| STAIRDANCE
   794 | D:2      | 794 ||| STAIRDANCE
   798 | D:2      | 798 ||| STAIRDANCE
   802 | D:2      | 802 ||| STAIRDANCE
   806 | D:2      | 806 ||| STAIRDANCE
   810 | D:2      | 810 ||| STAIRDANCE
   814 | D:2      | 814 ||| STAIRDANCE
   818 | D:2      | 818 ||| STAIRDANCE
   822 | D:2      | 822 ||| STAIRDANCE
   826 | D:2      | 826 ||| STAIRDANCE
   830 | D:2      | 830 ||| STAIRDANCE
   834 | D:2      | 834 ||| STAIRDANCE
   838 | D:2      | 838 ||| STAIRDANCE
   842 | D:2      | 842 ||| STAIRDANCE
   846 | D:2      | 846 ||| STAIRDANCE
   850 | D:2      | 850 ||| STAIRDANCE
   854 | D:2      | 854 ||| STAIRDANCE
   875 | D:2      | Noticed Natasha
   879 | D:2      | Killed Natasha
  1025 | D:2      | Reached XP level 4. HP: 38/38 MP: 3/3
  1031 | D:2      | Reached skill level 6 in Ranged Weapons
  1056 | D:2      | Noticed Natasha
  1065 | D:2      | Killed Natasha
  1071 | D:2      | Noticed Natasha
  1081 | D:2      | HP: 7/40 [Natasha/magic dart (7)]
  1084 | D:2      | Killed Natasha
  1149 | D:2      | 1149 ||| FLEEEEING.
  1151 | D:2      | 1151 ||| FLEEEEING.
  1152 | D:2      | 1152 ||| FLEEEEING.
  1153 | D:2      | 1153 ||| FLEEEEING.
  1154 | D:2      | 1154 ||| FLEEEEING.
  1156 | D:2      | 1156 ||| FLEEEEING.
  1157 | D:2      | 1157 ||| FLEEEEING.
  1158 | D:2      | 1158 ||| FLEEEEING.
  1159 | D:2      | 1159 ||| FLEEEEING.
  1160 | D:2      | 1160 ||| FLEEEEING.
  1161 | D:2      | 1161 ||| FLEEEEING.
  1164 | D:2      | 1164 ||| FLEEEEING.
  1165 | D:2      | 1165 ||| FLEEEEING.
  1325 | D:2      | Reached XP level 5. HP: 46/46 MP: 4/4
  1325 | D:2      | 1325 ||| READING scroll labelled RACUEN LENLAS.
  1326 | D:2      | 1326 ||| READING scroll labelled ESIVVY DINTEKI.
  1327 | D:2      | 1327 ||| DRINKING 2 bubbling orange potions.
  1432 | D:2      | 1432 ||| DRINKING 2 amethyst potions.
  1433 | D:2      | 1433 ||| READING 2 scrolls of identify.
  1433 | D:2      | 1433 ||| IDENTIFYING smoky brown potion
  1434 | D:2      | 1434 ||| DROPPING potion of berserk rage.
  1435 | D:2      | 1435 ||| DROPPING potion of enlightenment.
  1544 | D:2      | 1544 ||| READING scroll labelled SYUDUOXUTY.
  1547 | D:2      | 1547 ||| READING scroll labelled HYCRISSUXT.
  1627 | D:2      | 1627 ||| READING 2 scrolls of identify.
  1627 | D:2      | 1627 ||| IDENTIFYING fuming red potion
  1628 | D:2      | 1628 ||| DROPPING potion of attraction.
  1715 | D:3      | HP: 11/46 [gnoll/+0 halberd of protection (10)]
  1719 | D:3      | HP: 4/46 [gnoll/+0 whip (5)]
  1720 | D:3      | Mangled by a gnoll

Levels and vault maps discovered:
D:1:      spicycebolla_arrival_ecumenical, layout_loops_ring
D:2:      layout_basic, skrybe_limestone_x, grunt_ministairs_10, uniq_natasha
D:3:      layout_rooms, lemuel_doored_altar

Skill      XL: |  1  2  3  4 |
---------------+-------------+-----
Ranged Weapons | 5 6 |  6.3
Fighting       | 3 4 |  4.2
Dodging        | |  2.1
Stealth        | |  0.7

Action                     |  1- 3 |  4- 6 || total
---------------------------+-------+-------++-------
   Fire: Shortbow          |    95 |    71 ||   166
    Use: Scroll            |     4 |     6 ||    10
         Potion            |       |     2 ||     2
 Armour: Leather armour    |    10 |     3 ||    13
  Dodge: Dodged            |    23 |    20 ||    43
  Block: Other             |     3 |     6 ||     9

Table legend:
 A = Non-vault XP
 B = Vault XP
 C = Vault XP percentage of total XP
 D = Non-vault monster count
 E = Vault monster count
 F = Vault count percentage of total count
                 A         B        C        D         E       F
            +---------+---------+-------+---------+---------+-------
      Total |     181 |      37 |  17.0 |      51 |       3 |   5.6
            +---------+---------+-------+---------+---------+-------
        D:1 |      44 |       0 |   0.0 |      26 |       0 |   0.0
        D:2 |     134 |      37 |  21.6 |      23 |       3 |  11.5
        D:3 |       3 |       0 |   0.0 |       2 |       0 |   0.0
            +---------+---------+-------+---------+---------+-------
